Unix NetHack Version 3.7.0-86 Work-in-progress - last build May 30 2023 01:50:43 (cc98dc9aa62a9957b082a042edf5bd7ec9f632c7,branch:master). Game began 2023-06-11 20:36:23, ended 2023-06-12 21:12:55. Minoru, lawful male human Samurai ------- -----..|..| |........@---------------- |...|..`-..``.^^^^^^^^^^.| |.---`-..```------------+| |..`...`.|.-- |.........| |.----`.--.| |.........| |.`..`..|..| |.........| |.`.`....`-| |.........| |..|...|.`.| |....<....| |.`-----`-.| |.........| |..........| |.........| --.>-------- |.........| ---- ----------- Minoru the Ninja St:6 Dx:18 Co:18 In:11 Wi:8 Ch:6 Lawful S:3754 Dlvl:5 $:0 HP:0(71) Pw:28(28) AC:10 Xp:7/846 T:3915 Stun Latest messages: You suddenly feel weaker! The lich touches you! You're covered in frost! The frost doesn't seem cold! The lich casts a spell at you! Your skin itches. You miss the lich. You miss the lich. You miss the lich. You destroy the lich! The lich's body crumbles into dust. You hit it. You hit it. You hit it. You miss it. It touches you! You're covered in frost! The frost doesn't seem cold! You hit it. You hit it. You miss it. It touches you! You're covered in frost! The frost doesn't seem cold! Something casts a spell at you! You suddenly feel weaker! You hit it. It touches you! You're covered in frost! The frost doesn't seem cold! You hear a mumbled curse. You miss it. It touches you! You're covered in frost! The frost doesn't seem cold! Something casts a spell at you! You reel... You hit it. You attack thin air. It touches you! You're covered in frost! The frost doesn't seem cold! Something casts a spell at you! Your head suddenly aches very painfully! You die... Do you want your possessions identified? [ynq] (y) y Do you want to see your attributes? [ynq] (y) y Do you want an account of creatures vanquished? [ynaq] (y) y Do you want to see your conduct and achievements? [ynq] (y) y Do you want to see the dungeon overview? [ynq] (y) y Inventory: Weapons d - 19 +0 ya (in quiver) c - a +0 yumi O - a blessed +0 dagger named hobbit's (alternate weapon; not wielded) a - a rusty +0 katana (weapon in hand) b - a +0 wakizashi Comestibles V - 4 uncursed gunyoki Y - an uncursed tin of deep fried wood nymph meat Scrolls Z - a cursed scroll of earth H - a cursed scroll of enchant armor D - an uncursed scroll of fire o - a cursed scroll of light t - a cursed scroll of teleportation Spellbooks r - an uncursed spellbook of restore ability E - an uncursed spellbook of sleep Rings X - an uncursed ring of fire resistance named non-cursed F - an uncursed ring of sustain ability Wands N - a wand of make invisible (0:4) G - a wand of secret door detection (0:12) W - a wand of undead turning (0:4) Tools f - an uncursed blindfold Minoru the Samurai's attributes: Background: You were a Ninja, a level 7 male human Samurai. You were lawful, on a mission for Amaterasu Omikami who was opposed by Raijin (neutral) and Susanowo (chaotic). You were in Sokoban, on level 5. You entered the dungeon 3915 turns ago. You had 846 experience points, 434 more were needed to attain level 8. Your score was 3754 before end-of-game adjustments. Basics: You had 0 out of 71 hit points. You had all 28 energy points (spell power). Your armor class was 10. Your wallet was empty. Autopickup was off. Final Characteristics: Your strength was 6 (peak:15, limit:18/100). Your dexterity was 18 (limit:18). Your constitution was 18 (limit:18). Your intelligence was 11 (limit:18). Your wisdom was 8 (limit:18). Your charisma was 6 (limit:18). Final Status: You were stunned. You were not hungry. You were unencumbered. You were wielding a long sword. You were skilled in long sword. You were not wearing any armor. Final Attributes: You were piously aligned. You were cold resistant. You were telepathic. You aggravated monsters. You were fast. You were unlucky. You are dead. Miscellaneous: You never encountered a bones level. Total elapsed playing time was 1 hour, 20 minutes and 46 seconds. Major events: Turn 1: Minoru the lawful male human Samurai entered the dungeon 1196: attained the rank of Ronin (level 3) 1365: entered the Gnomish Mines 3241: attained the rank of Ninja (level 6) 3448: entered Sokoban 3721: completed 1st Sokoban level 3915: killed by an invisible lich Vanquished creatures: 2 liches a giant beetle a winter wolf cub a leprechaun a dingo 2 dogs a rock piercer a pony a shrieker 3 elf zombies 3 giant ants 2 floating eyes a dwarf 2 rothes 4 orc zombies a wererat a gas spore a hobbit 9 manes 2 hobgoblins 2 giant rats 2 cave spiders a brown mold 2 yellow molds 2 gnomes 2 geckos 4 jackals a fox a kobold 3 goblins a sewer rat 4 grid bugs 2 lichens 7 newts 74 creatures vanquished. No species were genocided or became extinct. Voluntary challenges: You read items or engraved 8 times. You never engraved Elbereth. You never genocided any monsters. You never polymorphed an object. You never changed form. You used no wishes. You violated the special Sokoban rules once. Achievements: You attained the rank of Ronin. You entered the Gnomish Mines. You attained the rank of Ninja. You entered Sokoban. The Dungeons of Doom: levels 1 to 7 Level 1: Level 2: Level 3: Level 4: Stairs down to The Gnomish Mines. Level 5: Level 6: Many fountains. Level 7: Stairs up to Sokoban, level 6. The Gnomish Mines: Level 5: Sokoban: levels 6 up to 5 Level 5: <- You were here. Unsolved. Final resting place for you, killed by an invisible lich. Level 6: Solved. Game over: ---------- / \ / REST \ / IN \ / PEACE \ / \ | Minoru | | 0 Au | | killed by an | | invisible lich | | | | | | 2023 | *| * * * | * _________)/\\_//(\/(/\)/\//\/|_)_______ Sayonara Minoru the Samurai... You died in Sokoban on dungeon level 5 with 3754 points, and 0 pieces of gold, after 3915 moves. You were level 7 with a maximum of 71 hit points when you died.